 Dungeon Crawl Stone Soup version 0.30-a0-723-gc1506a1cf0 (webtiles) character file.

Game seed: 15642848226688488598

1335 kbot the Cleaver (level 8, -2/69 (71) HPs)
             Began as a Minotaur Berserker on Jan 28, 2023.
             Was a Priest of Trog.
             Slain by a wolf spider (glowing shapeshifter) (14 damage)
             ... on level 7 of the Dungeon.
             The game lasted 00:34:18 (5876 turns).

kbot the Cleaver (Minotaur Berserker)               Turns: 5876, Time: 00:34:19

HP:   -2/69 (71)    AC:  9    Str: 30    XL:     8   Next: 35%
MP:   7/7           EV: 11    Int: 10    God:    Trog [***...]
Gold: 238           SH:  0    Dex: 10    Spells: 7/7 levels left

rFire   . . .      SeeInvis .    a - +0 hand axe (chaos)
rCold   . . .      Faith    .    (no shield)
rNeg    . . .      Spirit   .    l - +0 scale mail
rPois   .          Reflect  .    (helmet restricted)
rElec   .          Harm     .    (no cloak)
rCorr   .          Rampage  .    o - +0 pair of gloves
Will    .....                    (no boots) Stlth
                                 (no amulet)
HPRegen 0.31/turn                p - +6 ring of strength
MPRegen 0.10/turn                q - +6 ring of intelligence

@: lightly drained
A: horns 2, retaliatory headbutt
a: Renounce Religion, Berserk, Trog's Hand


You were on level 7 of the Dungeon.
You worshipped Trog.
Trog was most pleased with you.
You visited 1 branch of the dungeon, and saw 7 of its levels.

You collected 238 gold pieces.

Inventory:

Hand Weapons
 a - a +0 hand axe of chaos (weapon)
Missiles
 r - 2 throwing nets (quivered)
Armour
 b - a +0 animal skin
 e - a +0 robe
 h - a +0 leather armour
 j - an orb of energy
 k - a +0 helmet
 l - a +0 scale mail (worn)
 o - a +0 pair of gloves (worn)
 A - the +2 helmet of Sophism {Fly rElec rPois}
   (You found it on level 6 of the Dungeon)

   rElec:     It insulates you from electricity.
   rPois:     It protects you from poison.
   Fly:       It grants you flight.
Magical Staves
 w - a staff of cold
Jewellery
 c - a ring of ice
 p - a +6 ring of strength (left hand)
 q - a +6 ring of intelligence (right hand)
Wands
 m - a wand of flame (83)
 v - a wand of acid (8)
 x - a wand of roots (5)
 y - a wand of mindburst (12)
Scrolls
 f - a scroll of summoning
 g - 3 scrolls of identify
 n - a scroll of fear
 s - a scroll of teleportation
 u - 2 scrolls of fog
Potions
 d - a potion of might
 t - 2 potions of curing


   Skills:
 + Level 6.5 Fighting
 + Level 8.3 Axes
 + Level 6.7 Armour
 + Level 4.5 Dodging
 + Level 1.3 Stealth


You had 7 spell levels left.
You didn't know any spells.
Your spell library was empty.

Dungeon Overview and Level Annotations

Branches:
Dungeon (7/15)             Temple (0/1) D:5

Altars:
Fedhas
Qazlal
Sif Muna
Yredelemnul

Shops:
D:1 =   D:5 =


Innate Abilities, Weirdness & Mutations

You have a pair of horns on your head.
You reflexively headbutt those who attack you in melee.


Message History

The lindwurm bites you but does no damage.
The lindwurm completely misses you.
The lindwurm claws you but does no damage.
You barely miss the lindwurm.
The lindwurm is lightly wounded.
The lindwurm breathes flames at you. The blast of flame hits you!
You hit the lindwurm but do no damage.
Lightning courses through the lindwurm!!
The lindwurm is heavily wounded.
The lindwurm changes into a glowing shapeshifter!
You hit the glowing shapeshifter but do no damage.
Your headbutt misses the glowing shapeshifter.
The glowing shapeshifter is moderately wounded.
The glowing shapeshifter changes into a wolf spider!
You slash the wolf spider! You burn the wolf spider. You punch the wolf spider.
The wolf spider is heavily wounded.
The wolf spider hits you but does no damage.
The wolf spider bites you.
You closely miss the wolf spider.
The wolf spider is heavily wounded.
The wolf spider hits you but does no damage.
The wolf spider bites you but does no damage.
You slash the wolf spider! You burn the wolf spider.
You headbutt the wolf spider.
The wolf spider is heavily wounded.
The wolf spider completely misses you.
The wolf spider bites you but does no damage.
An ice beast comes into view.
You closely miss the wolf spider.
The wolf spider is heavily wounded.
The wolf spider hits you!! The wolf spider barely misses you. x2
The wolf spider bites you but does no damage.
You slash the wolf spider! You freeze the wolf spider.
The wolf spider is severely wounded.
The wolf spider hits you!!
* * * LOW HITPOINT WARNING * * *
The wolf spider completely misses you.
You feel better. The wolf spider hits you!
You die...

.... #..
#Y. #..
..## #o.
#s# #@# #)#
##?##
##...####.#
#.<........
##...######
##.## ###


You could see a wolf spider shaped shifter, an ice beast and an orc wizard.

Vanquished Creatures
  A water moccasin (D:6)
  An ice beast (D:6)
  A sky beast (D:6)
  2 ogres
  A gnoll sergeant (D:6)
  2 necrophages
  2 scorpions
  6 hounds
  An orc priest (D:3)
  A jelly (D:5)
  4 orc wizards
  8 adders
  9 gnolls (D:6)
  2 ufetubi
  2 worms
  7 orcs
  4 bats
  6 endoplasms
  3 giant cockroaches
  3 goblins
  8 hobgoblins
  7 jackals
  2 quokkas (D:1)
  7 ball pythons
  3 frilled lizards
  6 kobolds
  3 rats
102 creatures vanquished.

Vanquished Creatures (collateral kills)
  A goblin (D:3)
1 creature vanquished.

Vanquished Creatures (others)
  5 plants (D:3)
5 creatures vanquished.

Grand Total: 108 creatures vanquished

Notes
Turn   | Place    | Note
-------+----------+-------------------------------------------
     0 | D:1      | kbot the Minotaur Berserker began the quest for the Orb.
     0 | D:1      | Reached XP level 1. HP: 19/19 MP: 0/0
   113 | D:1      | Reached skill level 4 in Axes
   113 | D:1      | Reached XP level 2. HP: 27/27 MP: 1/1
   113 | D:1      | Found Fianom's Jewellery Shop.
   793 | D:2      | Reached XP level 3. HP: 25/33 MP: 2/2
   976 | D:2      | Found a shimmering blue altar of Sif Muna.
  1533 | D:3      | Found a transporter.
  1533 | D:3      | Noticed an ogre
  1541 | D:3      | Killed an ogre
  1541 | D:3      | Reached ** piety under Trog
  1542 | D:3      | Reached skill level 5 in Axes
  1542 | D:3      | Reached XP level 4. HP: 23/41 MP: 3/3
  1542 | D:3      | Reached XP level 5. HP: 27/47 MP: 4/4
  1579 | D:3      | Found a transporter.
  1603 | D:3      | Reached skill level 5 in Fighting
  2126 | D:3      | Found a basalt altar of Yredelemnul.
  2176 | D:3      | Reached skill level 6 in Axes
  2507 | D:4      | Reached XP level 6. HP: 56/56 MP: 5/5
  2605 | D:4      | Found a stormy altar of Qazlal.
  2806 | D:4      | Reached *** piety under Trog
  3479 | D:5      | Entered Level 5 of the Dungeon
  3543 | D:5      | Found Eluiw's Jewellery Shop.
  3597 | D:5      | Reached XP level 7. HP: 59/62 MP: 6/6
  3635 | D:5      | Reached skill level 7 in Axes
  3972 | D:5      | Reached skill level 5 in Armour
  4016 | D:5      | Found a staircase to the Ecumenical Temple.
  4741 | D:6      | Identified the +2 helmet of Sophism {Fly rElec rPois}
  4754 | D:6      | Found a blossoming altar of Fedhas.
  4880 | D:6      | Reached XP level 8. HP: 53/70 MP: 7/7
  4886 | D:6      | Reached skill level 1 in Stealth
  5163 | D:6      | Reached skill level 8 in Axes
  5705 | D:6      | Identified the +3 trident of Ancient Evil {flame, rN+}
  5864 | D:7      | an orc wizard changed into a glowing shapeshifter
  5864 | D:7      | Noticed a glowing shapeshifter (glowing shapeshifter)
  5864 | D:7      | a glowing shapeshifter changed into a lindwurm
  5864 | D:7      | Noticed a lindwurm (glowing shapeshifter)
  5869 | D:7      | a lindwurm changed into a glowing shapeshifter
  5869 | D:7      | Noticed a glowing shapeshifter (glowing shapeshifter)
  5870 | D:7      | a glowing shapeshifter changed into a wolf spider
  5870 | D:7      | Noticed a wolf spider (glowing shapeshifter)
  5875 | D:7      | HP: 2/69 [wolf spider (glowing shapeshifter) (20)]
  5876 | D:7      | Slain by a wolf spider (glowing shapeshifter)

Illustrated notes

Levels and vault maps discovered:
D:1:      onia_arrival_mini_spirals, layout_rooms, serial_shops, shop,
          minmay_misc_feat_four_crosses
D:2:      layout_loops_corners, basic_altar, minmay_rat_hole
D:3:      gammafunk_wand_slinger, layout_rooms, yredelemnul_altar_generic,
          grunt_ministairs_6, kennysheep_generic_room_15
D:4:      layout_layer_cave, mainiacjoe_overflow_cross_hatched, minmay_ruptured
D:5:      layout_loops_cross, temple_fountains, serial_shops, shop
D:6:      layout_gridville, general_overflow_altar, minmay_misc_feat_doors,
          kennysheep_doodads
D:7:      layout_loops_ring

Skill      XL: |  1  2  3  4  5  6  7  8 |
---------------+-------------------------+-----
Axes           | 4 5 6 7 8 |  8.3
Fighting       | 4 5 6 |  6.5
Armour         | 3 4 5 6 |  6.7
Dodging        | 3 4 |  4.5
Stealth        | 1 |  1.3

Action                     |  1- 3 |  4- 6 |  7- 9 || total
---------------------------+-------+-------+-------++-------
  Melee: Hand axe          |    58 |    68 |    90 ||   216
         Headbutt          |     8 |     8 |    10 ||    26
         Punch             |       |     2 |     1 ||     3
    Use: Potion            |     6 |     8 |     6 ||    20
         Scroll            |     5 |     6 |     2 ||    13
 Armour: Animal skin       |     8 |       |       ||     8
         Leather armour    |    11 |     2 |       ||    13
         Scale mail        |       |    21 |    51 ||    72
  Dodge: Dodged            |    74 |    34 |    71 ||   179

Table legend: (Time is in decaauts)
 A = Elapsed time spent in this place.
 B = Non-inter-level travel time spent in this place.
 C = Inter-level travel time spent in this place.
 D = Time resting spent in this place.
 E = Time spent auto-exploring this place.
 F = Levels seen in this place.
 G = Mean time per level.
                   A        B        C        D        E       F      G
               +--------+--------+--------+--------+--------+-----+--------+
         Total |   5870 |   5870 |      0 |    731 |      0 |   7 |  838.6 |
       Dungeon |   5870 |   5870 |      0 |    731 |      0 |   7 |  838.6 |
               +--------+--------+--------+--------+--------+-----+--------+

Top non-repeatable levels by time:
     D:6: 1622 daAuts
     D:4: 1111 daAuts
     D:3: 852 daAuts
     D:2: 810 daAuts
     D:5: 742 daAuts
     D:1: 707 daAuts
     D:7: 23 daAuts
